 Dungeon Crawl Stone Soup version 0.19-a0-1704-gbd66c22 (webtiles) character file.

45 Zwobot the Covered (level 3, -2/26 HPs)
             Began as a Mummy Wanderer on Sept 27, 2016.
             Slain by a goblin
             ... wielding a +0 club
              (5 damage)
             ... on level 3 of the Dungeon.
             The game lasted 00:04:57 (1634 turns).

Zwobot the Covered (Mummy Wanderer)                 Turns: 1634, Time: 00:04:59

Health: -2/26      AC:  5    Str: 16    XL:     3   Next: 42%
Magic:  3/3        EV: 11    Int: 10    God:
Gold:   88         SH:  0    Dex: 12    Spells: 0 memorised, 2 levels left

rFire  x . .     SeeInvis .     a - +2 mace
rCold  + . .     Gourm    .     i - +1 leather armour
rNeg   + + +     Faith    .     (no shield)
rPois  ∞         Spirit   .     (no helmet)
rElec  .         Dismiss  .     (no cloak)
rCorr  .         Reflect  .     (no gloves)
MR     .....     Harm     .     (no boots)
Stlth  +......... Rnd*Tele +    (no amulet)
                                (no ring)
                                g - ring of teleportation (curse)

@: no status effects
A: no food or potions, fire vulnerability, cold resistance 1, negative energy
resistance 3, torment resistance, unbreathing
a: no special abilities


You were on level 3 of the Dungeon.
You were not hungry.

You visited 1 branch of the dungeon, and saw 3 of its levels.

You collected 88 gold pieces.

Inventory:

Hand Weapons
 a - a +2 mace (weapon)
 b - a +0 hunting sling
 c - a +0 hand axe
 h - a +0 hunting sling
Missiles
 e - 80 stones (quivered)
Armour
 d - a +0 robe
 i - a +1 leather armour (worn)
 j - a cursed +0 leather armour
Jewellery
 f - an uncursed ring of ice
 g - a cursed ring of teleportation (left hand)


   Skills:
 - Level 1.0 Fighting
 - Level 1.5(2.4) Axes
 * Level 2.8(3.1) Maces & Flails
 - Level 3.2 Armour
   Level 1.0 Shields
   Level 1.0 Evocations


You had 2 spell levels left.
You didn't know any spells.

Dungeon Overview and Level Annotations

Branches:
Dungeon (3/15)

Altars:
Qazlal

Annotations:
D:2 Natasha, Sigmund
D:3 exclusion: upstairs


Innate Abilities, Weirdness & Mutations

You do not eat or drink.
Your flesh is vulnerable to fire.
You are immune to poison.
Your flesh is cold resistant. (rC+)
You are immune to negative energy. (rN+++)
You are immune to unholy pain and torment.
You can survive without breathing.


Message History

The orc barely misses you.
The orc barely misses you. x2; The jackal barely misses you.
Sorry, you're not good enough to have a special ability.
You aren't carrying any items that you can evoke.
Unknown command.
The goblin completely misses you.
The orc hits you from afar with a trident.
* * * LOW HITPOINT WARNING * * *
The orc closely misses you. The orc hits you but does no damage.
The jackal completely misses you. The goblin closely misses you.
The jackal barely misses you.
The orc hits you from afar with a trident.
* * * LOW HITPOINT WARNING * * *
You aren't carrying any spellbooks or scrolls.
You aren't carrying any items that you can evoke.
Unknown command.
You thump the orc!
You kill the orc!
The goblin hits you with a club.
You die...

...####.... .
........... ..
#.#.####.. #.
#......... #.
#.........
#.##.........
#..#...oo....
#######.#.#+#.....
#@ho.##.o.# #.##..
#hg..###.<# #.####
#.oo.###.##.#o#
#hh.........#)#
#....####.#.#o#
#....# .# #o#
###'## .# #.. #.#
.. ... ... .. ...


You could see 3 orcs, 4 jackals and a goblin.

Vanquished Creatures
  An adder (D:2)
  2 orcs
  6 bats
  2 giant cockroaches
  7 goblins
  5 hobgoblins
  4 frilled lizards
  4 kobolds
  3 rats
34 creatures vanquished.

Notes
Turn   | Place    | Note
-------+----------+-------------------------------------------
     0 | D:1      | Zwobot the Mummy Wanderer began the quest for the Orb.
     0 | D:1      | Zwobot set off with: a +2 mace, a +0 hand axe, a scroll of teleportation, a +0 robe
     0 | D:1      | Reached XP level 1. HP: 15/15 MP: 1/1
   578 | D:1      | Reached XP level 2. HP: 20/21 MP: 2/2
   750 | D:2      | Found a stormy altar of Qazlal.
   750 | D:2      | Noticed Sigmund
   789 | D:2      | Noticed Natasha
  1326 | D:2      | Reached XP level 3. HP: 22/26 MP: 3/3
  1634 | D:3      | Slain by a goblin

Vault maps used:
D:1:      mrwooster_arrival_statue, minmay_misc_feat_enclosed
D:2:      nicolae_overflow_hidden_temple, uniq_sigmund, uniq_natasha
D:3:      uniq_iyjb, uniq_crazy_yiuf_cottage, uniq_robin

Skill      XL: |  1  2 |
---------------+-------+-----
Maces & Flails | 2 |  2.8
Fighting       | |  1.0
Axes           | |  1.5
Armour         | |  3.2
Shields        | |  1.0
Evocations     | |  1.0

Action                   || total
-------------------------++-------
Melee: Mace              ||   104
Throw: Stone             ||     1
  Use: Scroll            ||     2
 Stab: Sleeping          ||     1
Armor: Robe              ||    10
       Leather armour    ||    26
Dodge: Dodged            ||    70
